[Event "*** Titled Tuesday Blitz"]
[Site "Chess.com"]
[Date "2020.05.12"]
[Round "7"]
[White "rakshi2005"]
[Black "FGHSMN"]
[Result "0-1"]
[WhiteElo "2276"]
[BlackElo "2495"]
[TimeControl "180+1"]
[EndTime "11:17:01 PDT"]
[Termination "FGHSMN won by resignation"]

1. e4 c5 2. Nf3 d6 3. d4 cxd4 4. Nxd4 Nf6 5. Nc3 a6 6. Bg5 e6 7. f4 Qb6 8. Qd3 Qxb2 9. Rb1 Qa3 10. f5 Qa5 11. Bd2 Qc7 12. fxe6 fxe6 13. Be2 Be7 14.
Qg3 O-O 15. O-O Qc5 16. Qe3 Nc6 17.
Nxc6 Qxe3+ 18. Bxe3 bxc6 19. e5 dxe5 20. Na4 Nd5 21.
Bc5 Bxc5+ 22. Nxc5 Rxf1+ 23. Rxf1 Rb8 24. c4 Nf6 25.
Rd1 Kf7 26. Bf3 Ke7 27. Bxc6 Rb2 28. a4 Rc2 29. Nd3 Rxc4 30. Nxe5 Rc5 31. Re1 Kd6 32. Nf3 Rxc6 33. Rd1+ Nd5 34. Nd4 Rc4 35. Ne2 Rxa4 36. Ng3 Bd7 37. h3 Ke7 38. Kh2 a5 39. Rf1 Ra2 40. Nh5 Ne3 41. Rf3 Rxg2+ 42. Kh1 Bc6 43.
Rxe3 Re2+ 0-1

[Event "*** Titled Tuesday Blitz"]
[Site "Chess.com"]
[Date "2020.05.12"]
[Round "7"]
[White "MacDaddyMac"]
[Black "Shushik"]
[Result "1-0"]
[WhiteElo "2271"]
[BlackElo "2083"]
[TimeControl "180+1"]
[EndTime "11:17:01 PDT"]
[Termination "MacDaddyMac won by checkmate"]

1. e4 e5 2. Nf3 Nc6 3. Bb5 Nf6 4. Nc3 a6 5. Ba4 d6 6. d4 exd4 7. Nxd4 Bd7 8. Nxc6 bxc6 9. O-O Be7 10. Re1 O-O 11. e5 dxe5 12. Rxe5 Bd6 13. Re1 Ng4 14.
h3 Ne5 15. Ne4 Nc4 16. Bb3 Na5 17. Nxd6 cxd6 18. Qxd6 Nb7 19. Qg3 Qf6 20. Bf4 Rfe8 21. Be5 Qg6 22. Qxg6 hxg6 23. Rad1 Bf5 24. Bc3 Nc5 25. g4 Nxb3 26. gxf5 Nc5 27. fxg6 fxg6 28. Rxe8+ Rxe8 29. Rd6 Re6 30. Rxe6 Nxe6 31. Kg2 Nf4+ 32.
Kh2 Kf7 33. Be5 Nd5 34. c4 Nb6 35. b3 Nd7 36. Bd4 c5 37. Bc3 Nb6 38. Kg3 Nc8 39. Be5 Ne7 40. Kg4 Nc6 41. Bd6 Nd4 42. Bxc5 Ne6 43.
Be3 Nc7 44. f4 Ne6 45. f5 gxf5+ 46. Kxf5 g6+ 47. Kg4 Kf6 48. h4 a5 49. Bb6 Nf8 50.
Bxa5 Nd7 51. Bd8+ Kf7 52. Kg5 Ne5 53. c5 Nf3+ 54. Kh6 Ne5 55. b4 Nc6 56. Ba5 Nd4 57. a4 Nf5+ 58. Kg5 Nd4 59. b5 Ne6+ 60. Kg4 Nxc5 61. b6 Nb7 62. Bb4 Nd8 63. a5 Nc6 64. b7 Nb8 65. a6 Nxa6 66. Bd6 Ke6 67. b8=Q Nxb8 68. Bxb8 Kf6 69. Ba7 Kf7 70. Bd4 Ke6 71.
Kg5 Kf7 72. Kh6 g5 73. Kxg5 Kg8 74. h5 Kh7 75. h6 Kg8 76. Kh5 Kh7 77. Kg5 Kg8 78.
Kg6 Kf8 79. h7 Ke7 80. h8=Q Ke6 81. Be3 Kd7 82. Qd4+ Ke7 83. Qc5+ Ke6 84. Qc6+ Ke5 85. Bf4+ Kxf4 86. Qd5 Ke3 87. Kf5 Ke2 88. Qd4 Kf3 89. Kg5 Ke2 90. Qc3 Kd1 91. Qb2 Ke1 92. Kg4 Kf1 93. Kf3 Ke1 94. Qc1# 1-0

[Event "*** Titled Tuesday Blitz"]
[Site "Chess.com"]
[Date "2020.05.12"]
[Round "7"]
[White "Mikhail_Biryukov"]
[Black "ural58"]
[Result "0-1"]
[WhiteElo "2642"]
[BlackElo "2502"]
[TimeControl "180+1"]
[EndTime "11:17:02 PDT"]
[Termination "ural58 won by checkmate"]

1. e4 d5 2. exd5 Qxd5 3. Nc3 Qa5 4. Rb1 c5 5. a3 e5 6. Bb5+ Bd7 7. Qe2 Bxb5 8. Nxb5 Nc6 9. Nf3 O-O-O 10. O-O a6 11. Nc3 Qc7 12. d3 f5 13. Bg5 Nf6 14. Rfe1 Bd6 15.
Bxf6 gxf6 16. Nd5 Qf7 17. c4 Ne7 18. Nxe7+ Qxe7 19. Nh4 Qd7 20. b4 Rhg8 21. Qf3 Rg5 22. g3 cxb4 23. axb4 Bc7 24. Rb3 f4 25. b5 a5 26. b6 Bd6 27. Ra1 a4 28. Rb5 Qc6 29.
Qd5 a3 30. Nf3 Rg7 31. Qe6+ Rgd7 32. Nd2 Bb8 33. Qf5 Qd6 34. Rb3 Re8 35. Raxa3 Qe6 36. Qxe6 Rxe6 37. Ra5 Red6 38. Raa3 f5 39. Kf1 Kd8 40.
f3 Ke7 41. c5 Rd4 42. Rc3 h5 43. Nb3 Rxd3 44. Na5 Rd1+ 45. Kg2 R7d2+ 46. Kh3 Rh1 47. gxf4 Rhxh2+ 48. Kg3 Rdg2# 0-1

[Event "*** Titled Tuesday Blitz"]
[Site "Chess.com"]
[Date "2020.05.12"]
[Round "7"]
[White "axvesik"]
[Black "DishonorOnYourCow"]
[Result "1-0"]
[WhiteElo "2515"]
[BlackElo "2340"]
[TimeControl "180+1"]
[EndTime "11:17:02 PDT"]
[Termination "axvesik won on time"]

1. e4 e5 2. Nf3 Nc6 3. Bb5 Nf6 4. d3 Bc5 5. O-O d6 6. c3 O-O 7. Bg5 h6 8. Bh4 g5 9. Nxg5 hxg5 10. Bxg5 Qe7 11. Qf3 Kg7 12. Nd2 Nb8 13. Rfe1 c6 14. Ba4 Nbd7 15. Nf1 Qe6 16. h3 Nh7 17. Bh4 Qg6 18.
Ng3 Nb6 19. Bc2 Qh6 20. Nh5+ Kh8 21. b4 f5 22. bxc5 fxe4 23. Qxe4 Qxh5 24. cxb6 axb6 25. Bg3 Bf5 26. Qe3 Rg8 27. Rad1 Rae8 28. Bb3 Rgf8 29. Rd2 Qg5 30. Qxg5 Nxg5 31. d4 e4 32. Bxd6 Rf6 33. Be5 Nh7 34. Bxf6+ Nxf6 35. Rde2 Kg7 36. f3 c5 37.
fxe4 Bxe4 38. dxc5 bxc5 39. Bc2 Bc6 40. Rxe8 Nxe8 41.
Re7+ Kf6 42. Re2 Nd6 43. g4 Nc4 44. Kf2 Ne5 45. Kg3 Nf7 46. h4 Ne5 47. g5+ Ke6 48.
Bb3+ Kd6 49. h5 c4 50. Bc2 Nf7 51. g6 Ne5 52. Rxe5 1-0

[Event "*** Titled Tuesday Blitz"]
[Site "Chess.com"]
[Date "2020.05.12"]
[Round "7"]
[White "GMHess"]
[Black "Andro2"]
[Result "1-0"]
[WhiteElo "2792"]
[BlackElo "2430"]
[TimeControl "180+1"]
[EndTime "11:17:04 PDT"]
[Termination "GMHess won on time"]

1. e4 a6 2. a4 e5 3. Nc3 Nc6 4. Bc4 Nf6 5. d3 Bc5 6. f4 d6 7. Nf3 Ng4 8. Ng5 exf4 9. Bxf4 Nce5 10. Bb3 Bd4 11. Rf1 O-O 12. Qd2 h6 13. Nf3 Nxf3+ 14. gxf3 Ne5 15. O-O-O b5 16. Bxh6 Qh4 17. Be3 Bxc3 18.
Qxc3 bxa4 19. Bxa4 c5 20. d4 cxd4 21. Qxd4 Be6 22. f4 Ng4 23. Bg1 Rac8 24. f5 Rc4 25. Qxd6 Rxa4 26. fxe6 Ra1+ 27. Kd2 Qg5+ 28. Rf4 Rd8 29. exf7+ Kh7 30. Bc5 Rxd6+ 31. Bxd6 Qa5+ 32. b4 Rxd1+ 33. Kxd1 Qa1+ 34. Ke2 Qd4 35. f8=Q Qe3+ 36. Kf1 Qc1+ 37. Kg2 Qd2+ 38. Kg3 Nf6 39. Rxf6 Qe3+ 40. Rf3 Qg1+ 41. Kf4 Qc1+ 42. Ke5 Qb2+ 43. Ke6 Qa2+ 44. Ke7 1-0

[Event "*** Titled Tuesday Blitz"]
[Site "Chess.com"]
[Date "2020.05.12"]
[Round "7"]
[White "IriBu"]
[Black "Gabrielian_Artur"]
[Result "0-1"]
[WhiteElo "2542"]
[BlackElo "2709"]
[TimeControl "180+1"]
[EndTime "11:17:05 PDT"]
[Termination "Gabrielian_Artur won on time"]

1. e4 c5 2. Nf3 d6 3. Bb5+ Nd7 4. d4 cxd4 5. Qxd4 a6 6. Bxd7+ Bxd7 7. c4 Nf6 8. Nc3 g6 9. Bg5 Bg7 10. O-O O-O 11.
Qd2 Bc6 12. Rfe1 Nd7 13. Rac1 Re8 14. Nd4 Rc8 15. b3 Nc5 16. Nd5 Ne6 17. Nxe6 fxe6 18. Nf4 Qd7 19. Nd3 b6 20. Bh6 e5 21. Be3 Bxe4 22. Nb4 Qg4 23. f3 Bxf3 24. Bxb6 Bb7 25. Nd5 Kh8 26. Rc3 Qd7 27. Rh3 Bxd5 28. cxd5 e6 29.
Qg5 exd5 30. Qh4 h5 31. Rg3 Kh7 32. Be3 Qe6 33. Bg5 Rf8 34. Qa4 Rf7 35. Qxa6 Rcf8 36. h3 d4 37. b4 e4 38. b5 Be5 39. Rb3 Qf5 0-1

[Event "*** Titled Tuesday Blitz"]
[Site "Chess.com"]
[Date "2020.05.12"]
[Round "7"]
[White "Alexander_Donchenko"]
[Black "TigranMukhutdinov"]
[Result "1-0"]
[WhiteElo "2717"]
[BlackElo "2428"]
[TimeControl "180+1"]
[EndTime "11:17:05 PDT"]
[Termination "Alexander_Donchenko won by resignation"]

1. b3 e5 2. Bb2 Nc6 3. e3 Nf6 4. Nf3 d6 5. d4 exd4 6. Nxd4 Nxd4 7. Qxd4 Be7 8. Bd3 O-O 9. Nd2 c5 10. Qh4 h6 11. Ne4 Ng4 12. Qh5 g6 13. Qh3 h5 14.
Qf3 Ne5 15. Bxe5 dxe5 16. Rd1 Bg4 17. Qg3 Bh4 18. Qxe5 Bxd1 19. Kxd1 Re8 20. Qf4 Be7 21. g4 hxg4 22. Qxg4 c4 23. bxc4 Qb6 24. Rg1 Rad8 25. Ke2 Bf8 26. h4 Bg7 27. c5 Qe6 28. Qg2 Qxa2 29. h5 Rxd3 30. Kxd3 Qd5+ 31. Ke2 Qxe4 32.
Qxe4 Rxe4 33. hxg6 Rc4 34. gxf7+ Kxf7 35. Rb1 Rxc2+ 36.
Kd3 Rc3+ 37. Ke4 Rxc5 38. Rxb7+ Kg6 39. Rxa7 Re5+ 40. Kd3 Rf5 41. f4 Rb5 42. Ke4 Rb4+ 43. Kf3 Rb3 44. Rd7 Rc3 45. Rd6+ Kf7 46. Ke4 Ke7 47. Ra6 Rc4+ 48. Kd5 Rc1 49. Ke4 Rc4+ 50. Kf5 Rc5+ 51. Kg6 Bc3 52. e4 Kd7 53. e5 Rc6+ 54.
Rxc6 Kxc6 55. Kf7 Bb4 56. f5 Kd7 57. f6 1-0

[Event "*** Titled Tuesday Blitz"]
[Site "Chess.com"]
[Date "2020.05.12"]
[Round "7"]
[White "Alopekos"]
[Black "GodDMuhammad"]
[Result "0-1"]
[WhiteElo "2468"]
[BlackElo "2296"]
[TimeControl "180+1"]
[EndTime "11:17:05 PDT"]
[Termination "GodDMuhammad won on time"]

1. e4 e5 2. Nf3 f5 3. Nxe5 Qf6 4. Nc4 fxe4 5. Nc3 Qg6 6. d3 Bb4 7. Bd2 Nf6 8. Nxe4 Bxd2+ 9. Qxd2 O-O 10. Nxf6+ Qxf6 11. d4 Re8+ 12. Ne3 Nc6 13. Bc4+ Kh8 14. O-O-O d6 15. Nd5 Qd8 16. Rhe1 Rxe1 17. Rxe1 Bf5 18.
Qf4 Bg6 19. h4 Na5 20. Be2 c6 21. h5 Bxc2 22. Kxc2 cxd5 23. h6 Rc8+ 24. Kb1 gxh6 25. Bg4 Qf8 26. Qg3 Rc7 27. Qf3 Qxf3 28. Bxf3 Nc6 29.
Bxd5 Nxd4 30. Re8+ Kg7 31. Rg8+ Kf6 32. a3 Ne2 33. f3 Rc1+ 34. Ka2 Rc2 35. Bxb7 Nf4 36. Be4 Rd2 37. Rf8+ Ke5 38. Rf5+ Kd4 39. Rxf4 Rxg2 40. Bxh7+ Ke3 41. Rf6 h5 42. Be4 h4 43. Rxd6 h3 44.
Rh6 h2 45. Bb7 Kf4 46. Rh4+ Kg3 47. Rg4+ Kh3 48. Rxg2 h1=Q 49. f4 Qf1 50. Rg5 Qxf4 51. Rb5 Qc4+ 52. Rb3+ Kh2 53. Bf3 a5 0-1

[Event "*** Titled Tuesday Blitz"]
[Site "Chess.com"]
[Date "2020.05.12"]
[Round "7"]
[White "PhileKhoob"]
[Black "Srisshhhtea"]
[Result "1-0"]
[WhiteElo "2452"]
[BlackElo "2137"]
[TimeControl "180+1"]
[EndTime "11:17:05 PDT"]
[Termination "PhileKhoob won by resignation"]

1. e4 e6 2. d4 d5 3. e5 c5 4. c3 Nc6 5. Nf3 Qb6 6. a3 Bd7 7. b4 cxd4 8. cxd4 Nh6 9. Be3 Nf5 10. Nbd2 Be7 11. Bd3 O-O 12. O-O f6 13. Bxf5 exf5 14. Nb3 fxe5 15. dxe5 d4 16. Nfxd4 Nxd4 17. Bxd4 Qg6 18.
Bc5 Bc6 19. f3 Rfd8 20. Qe2 Bg5 21. Bd6 b6 22. Qc4+ Kh8 23. Qxc6 Be3+ 24. Kh1 Rac8 25.
Qd5 Rc2 26. Rg1 Bxg1 27. Rxg1 Rdc8 28. e6 Re2 29. e7 h6 30. Be5 Kh7 31. Bd6 Rcc2 32.
f4 Rb2 33. Nd4 Re4 34. Qxf5 Qxf5 35. Nxf5 Rd2 36. Be5 Rxe5 37. fxe5 Re2 38. e8=Q Re4 39. Qf7 Rg4 40. Nxh6 Kxh6 41. Qe6+ Rg6 42. Qxg6+ Kxg6 43. Re1 Kf5 44. e6 Kf6 45. e7 Kf7 46. e8=Q+ Kf6 1-0

[Event "*** Titled Tuesday Blitz"]
[Site "Chess.com"]
[Date "2020.05.12"]
[Round "7"]
[White "rst2003"]
[Black "Batsai"]
[Result "1-0"]
[WhiteElo "2456"]
[BlackElo "2266"]
[TimeControl "180+1"]
[EndTime "11:17:05 PDT"]
[Termination "rst2003 won by resignation"]

1. b3 Nf6 2. Bb2 e6 3. Nf3 d5 4. e3 Be7 5. d4 O-O 6. c4 b6 7.
Nc3 Bb7 8. Be2 a6 9. O-O Nbd7 10. Rc1 dxc4 11. bxc4 c5 12. d5 exd5 13. cxd5 Bd6 14.
a4 Re8 15. Qb3 Qe7 16. Rfd1 h6 17. h3 Rab8 18. Ba1 Ne5 19. e4 c4 20. Qxb6 Bc5 21. d6 Bxb6 22. dxe7 Nxf3+ 23. gxf3 Rxe7 24. Bxc4 Rc8 25. Ba2 Rec7 26. Rb1 Ba7 27. Kg2 Nh5 28. Ne2 Ba8 29.
Bb3 Kh8 30. Be5 Re7 31. Bd6 Rd7 32. Ng3 Nxg3 33. Kxg3 Rxd6 34. Rxd6 Bb8 35. e5 Bxd6 36. exd6 Rd8 37. Bxf7 g5 38. Rd1 Kg7 39. Bc4 Bc6 40.
a5 Rf8 41. Rd3 Rd8 42. Bxa6 Kf6 43. Bc4 Ke5 44. a6 Ra8 45. d7 Rd8 46. a7 Ba8 47. Kg4 Kf6 48. f4 Ke7 49. fxg5 hxg5 50. Kxg5 Rg8+ 51.
Bxg8 1-0

[Event "*** Titled Tuesday Blitz"]
[Site "Chess.com"]
[Date "2020.05.12"]
[Round "7"]
[White "lifeissofun"]
[Black "manuellarrea"]
[Result "1-0"]
[WhiteElo "2341"]
[BlackElo "2194"]
[TimeControl "180+1"]
[EndTime "11:17:05 PDT"]
[Termination "lifeissofun won on time"]

1. e4 c5 2. Nf3 Nc6 3. d4 cxd4 4. Nxd4 Nf6 5. Nc3 e5 6. Ndb5 d6 7. Nd5 Nxd5 8. exd5 Nb8 9. a4 Be7 10. Be2 O-O 11.
O-O f5 12. f4 Bf6 13. fxe5 Bxe5 14. c3 Qh4 15. h3 Qg3 16. Rf3 Qh2+ 17. Kf2 Na6 18.
Be3 Bd7 19. Nxa7 f4 20. Bd4 Bf5 21. Bd3 Bxd4+ 22. cxd4 Rxa7 23. Bxf5 Rxf5 24. Qe2 Nc7 25. Qe7 b6 26. Rc1 Rf7 27. Qd8+ Rf8 28. Qxd6 Ne8 29. Qe6+ Raf7 30. Qxb6 Nf6 31. Qe6 h5 32. a5 Re8 33.
Rc8 Ne4+ 34. Qxe4 Rxc8 35. d6 Rc1 36. Qe8+ Rf8 37. Qe6+ Kh8 38. Qg6 Qg1+ 39. Ke2 Qe1+ 40. Kd3 Qd1+ 41. Ke4 Qc2+ 42. Rd3 Re1+ 43. Kd5 Kg8 44.
d7 Re7 45. Kd6 1-0

[Event "*** Titled Tuesday Blitz"]
[Site "Chess.com"]
[Date "2020.05.12"]
[Round "7"]
[White "Kavyev_Ruslan"]
[Black "CaspiIsrael"]
[Result "0-1"]
[WhiteElo "2466"]
[BlackElo "2637"]
[TimeControl "180+1"]
[EndTime "11:17:06 PDT"]
[Termination "CaspiIsrael won by resignation"]

1. d4 f5 2. c4 Nf6 3. Nf3 g6 4. e3 Bg7 5. b4 O-O 6. Bb2 c6 7. Qb3 a5 8. b5 a4 9. Qc2 Ne4 10. Nc3 a3 11. Bc1 Qa5 12. Bd2 Nxd2 13. Nxd2 e5 14.
Nb3 Qb4 15. Bd3 exd4 16. Nxd4 Bxd4 17. exd4 Re8+ 18. Be2 Qxc4 19. O-O Qxd4 20. Rad1 Qf6 21. Bc4+ d5 22. Bxd5+ cxd5 23. Nxd5 Qb2 24. Qxb2 axb2 25. Nc7 Rxa2 26. Nxe8 Be6 27. Nc7 Bc4 28. Rfe1 Kf7 29.
f3 Bb3 30. Rb1 Bc2 31. Kf2 Nd7 32. Nd5 Bxb1 33. Rxb1 Ne5 34. Nb4 Ra4 35. Nd5 Ra1 36.
Nc3 Nc4 37. Ke2 Rxb1 38. Nxb1 Ke6 39. Kd3 Kd5 40. Kc2 Kc5 41. Nc3 b6 42. g4 fxg4 43. fxg4 Kb4 44. h4 h6 45. h5 g5 46. Nd5+ Kxb5 47.
Ne7 Kb4 48. Nf5 Ka3 0-1

[Event "*** Titled Tuesday Blitz"]
[Site "Chess.com"]
[Date "2020.05.12"]
[Round "7"]
[White "vladimir_petrov"]
[Black "Mouse-Sleep"]
[Result "0-1"]
[WhiteElo "2319"]
[BlackElo "2511"]
[TimeControl "180+1"]
[EndTime "11:17:06 PDT"]
[Termination "Mouse-Sleep won on time"]

1. e4 c5 2. Nf3 d6 3. d4 cxd4 4. Nxd4 Nf6 5. Nc3 g6 6. Be3 Bg7 7.
f3 O-O 8. Qd2 Nc6 9. Bc4 Bd7 10. h4 h5 11. O-O-O Rc8 12. Bb3 Nxd4 13. Bxd4 a5 14. a4 b5 15. Nxb5 Bxb5 16. axb5 a4 17. Bd5 Nxd5 18. Bxg7 Kxg7 19. Qxd5 Qa5 20. Rd3 Rc5 21.
Qd4+ Kg8 22. g4 Qxb5 23. gxh5 Rxh5 24. Rg1 Rc8 25. f4 Rxh4 26. f5 Rh2 27. Rd2 Rxd2 28. Kxd2 Qa5+ 29. c3 Qb5 30. fxg6 Qxb2+ 31. Kd3 Qb5+ 32.
Kd2 Qb2+ 33. Kd3 Qb5+ 34. Kd2 Qe5 35. Qxe5 dxe5 36. gxf7+ Kxf7 37. Ra1 Ra8 38. c4 Ke6 39. Kc3 Kf6 40. Kb4 Kg5 41. Rxa4 Rb8+ 42. Kc5 Kf4 0-1

[Event "*** Titled Tuesday Blitz"]
[Site "Chess.com"]
[Date "2020.05.12"]
[Round "7"]
[White "chenrip"]
[Black "Oglob71"]
[Result "1/2-1/2"]
[WhiteElo "2335"]
[BlackElo "2492"]
[TimeControl "180+1"]
[EndTime "11:17:06 PDT"]
[Termination "Game drawn by repetition"]

1. e4 c5 2. Nf3 d6 3. Bb5+ Bd7 4. a4 Nf6 5. Nc3 g6 6. d3 Bg7 7. h3 O-O 8. Bd2 Be6 9. a5 a6 10. Ba4 Qxa5 11. Bb3 Qd8 12. Bxe6 fxe6 13. O-O e5 14.
Nd5 Nc6 15. Ng5 Re8 16. Ne6 Qd7 17. Ndc7 Rec8 18. Nxa8 Qxe6 19. Nb6 Rf8 20. c3 Nh5 21. Nd5 h6 22. Qg4 Qxg4 23. hxg4 Nf6 24. f3 Nxd5 25. exd5 Nb8 26. c4 Nd7 27. Rab1 b6 28. b4 cxb4 29. Bxb4 a5 30. Ba3 Ra8 31. Rb5 Ra6 32. Rfb1 Bf6 33. Kf1 Bg5 34. Ke2 Kf7 35. Bc1 Bxc1 36. Rxc1 Ra7 37. Ra1 Kg7 38. Ke3 g5 39. g3 Ra6 40.
f4 exf4+ 41. gxf4 gxf4+ 42. Kxf4 Kg6 43. d4 Ra7 44. Re1 Kf7 45. Re6 a4 46. Rxh6 a3 47.
Rh1 Ra4 48. Ra1 Rxc4 49. Rxa3 Rxd4+ 50. Kf5 Rd1 51. Rf3 Nf6 52. g5 Nxd5 53. Ke4+ Ke6 54.
g6 Re1+ 55. Kd4 Rd1+ 56. Kc4 Rc1+ 57. Kd4 Rd1+ 58. Kc4 Rc1+ 59. Kd4 Rd1+ 1/2-1/2

[Event "*** Titled Tuesday Blitz"]
[Site "Chess.com"]
[Date "2020.05.12"]
[Round "7"]
[White "Margarita2907"]
[Black "alexsergeyev"]
[Result "0-1"]
[WhiteElo "2017"]
[BlackElo "2366"]
[TimeControl "180+1"]
[EndTime "11:17:06 PDT"]
[Termination "alexsergeyev won by resignation"]

1. d4 d5 2. Nf3 Nf6 3. e3 Bg4 4.
Be2 e6 5. O-O Bd6 6. b3 O-O 7. Bb2 c5 8. Nbd2 Nc6 9. h3 Bh5 10.
Ne5 Bg6 11. Nxg6 hxg6 12. Nf3 Rc8 13. Ne5 Qc7 14. f4 Qb6 15. Nxc6 bxc6 16. dxc5 Bxc5 17.
Bd4 Bxd4 18. exd4 c5 19. c3 Ne4 20. Qd3 cxd4 21. cxd4 Rc3 22. Qd1 Rfc8 23. Bf3 Rc2 24. Bxe4 dxe4 25. Kh1 Qc6 26. Rg1 Qd5 27. Re1 R8c3 28.
Re2 Rxe2 29. Qxe2 Qxd4 30. Rd1 Rd3 31. Re1 e3 32. Qf3 f5 33. Qa8+ Kh7 34. Qf3 a5 35. h4 e5 36. h5 Qxf4 37. hxg6+ Kxg6 38. Qc6+ Kg5 39. Rc1 e2 40. Qc7 Qxc1+ 41. Qxc1+ Kg4 42. Qc4+ e4 43. Qc1 Rd1+ 0-1

[Event "*** Titled Tuesday Blitz"]
[Site "Chess.com"]
[Date "2020.05.12"]
[Round "7"]
[White "Sunnika"]
[Black "mshuaau0"]
[Result "1-0"]
[WhiteElo "2302"]
[BlackElo "2168"]
[TimeControl "180+1"]
[EndTime "11:17:06 PDT"]
[Termination "Sunnika won by resignation"]

1. e4 e5 2. Nf3 Nc6 3. Nc3 Nf6 4. d4 exd4 5. Nxd4 Bb4 6. Nxc6 bxc6 7. Bd3 d5 8. exd5 cxd5 9. O-O O-O 10. Bg5 c6 11. Qf3 h6 12. Bf4 Bd6 13. h3 Be6 14. Rfe1 Bxf4 15. Qxf4 Qb8 16. Qxb8 Raxb8 17. Na4 Nd7 18.
Rad1 Rb4 19. b3 a5 20. c4 Nb6 21. Nxb6 Rxb6 22. cxd5 Bxd5 23. Be4 Bxe4 24. Rxe4 Rb4 25. Rdd4 Rfb8 26. Rc4 c5 27. f3 f5 28. Re5 Rxc4 29. bxc4 Rb2 30. Rxf5 Rxa2 31. Rxc5 a4 32. Ra5 a3 33. c5 Rc2 34. Rxa3 Rxc5 35. Ra7 Kh7 36. h4 Rc4 37. h5 Rc5 38. g4 Rc2 39. Re7 Kg8 40. Kf1 Kf8 41. Re2 Rc5 42. Kf2 Kf7 43. Ra2 Rc6 44. Ra7+ Kf6 45. Kg3 g6 46. Rh7 Kg5 47.
f4+ Kf6 48. Rxh6 Rc3+ 49. Kh4 Kf7 50. Rxg6 1-0

[Event "*** Titled Tuesday Blitz"]
[Site "Chess.com"]
[Date "2020.05.12"]
[Round "7"]
[White "ZoltanChef"]
[Black "ChronicUnhappiness"]
[Result "0-1"]
[WhiteElo "2123"]
[BlackElo "2319"]
[TimeControl "180+1"]
[EndTime "11:17:06 PDT"]
[Termination "ChronicUnhappiness won on time"]

1. d4 Nf6 2. Nc3 d6 3. Bg5 g6 4. Bxf6 exf6 5. h4 h5 6. e3 c6 7. Be2 d5 8. Bf3 Bd6 9. Nge2 O-O 10. g3 Re8 11. Qd2 Nd7 12. O-O Nf8 13. Rac1 f5 14. Nf4 Ne6 15. Nce2 a5 16. c4 dxc4 17. Rxc4 Nxf4 18. Nxf4 Bxf4 19. exf4 Be6 20. Rc5 Bxa2 21. Ra1 Bd5 22. Bxd5 cxd5 23. Rcxa5 Rc8 24. b4 Rc4 25. Rc5 b6 26. Rxc4 dxc4 27. d5 Qd6 28. b5 Rc8 29. Qd4 c3 30. Rc1 c2 31. Qd2 Rc5 32. Rxc2 Rxd5 33.
Qe3 Rd1+ 34. Kh2 Qd5 35. f3 Qxb5 36. Rc8+ Kh7 37. Rc7 Qb3 0-1

[Event "*** Titled Tuesday Blitz"]
[Site "Chess.com"]
[Date "2020.05.12"]
[Round "7"]
[White "Gordima"]
[Black "gahryman"]
[Result "0-1"]
[WhiteElo "2764"]
[BlackElo "2661"]
[TimeControl "180+1"]
[EndTime "11:17:07 PDT"]
[Termination "gahryman won on time"]

1. d4 Nf6 2. c4 g6 3. Nc3 Bg7 4. e4 d6 5. h3 O-O 6. Be3 e5 7. d5 a5 8. g4 Na6 9. Nge2 h5 10. f3 Nc5 11. Qd2 Bd7 12. Rg1 h4 13. Bg5 c6 14. Nc1 Qb6 15. Qf2 cxd5 16. cxd5 a4 17. Nd3 Rfc8 18. a3 Qa5 19. Nxc5 Rxc5 20. Bd2 Qc7 21. Qxh4 b5 22. Bd3 Rb8 23. Na2 Nxd5 24. exd5 Rxd5 25. Nb4 Rd4 26. Be3 e4 27. fxe4 Rxb4 28.
axb4 Bxb2 29. Ke2 Qc3 30. Rac1 Qxb4 31. Rc7 Be6 32. Rf1 Bg7 33. Bh6 Be5 34. Qe7 Qb2+ 35.
Rc2 Qb3 36. Rc7 a3 37. Ra7 a2 38. Rc1 a1=Q 39. Raxa1 Bxa1 40. Qxd6 Re8 41. Rc2 Be5 42. Qc5 Bc4 43. Rxc4 bxc4 44. Bxc4 Qc2+ 45. Kf3 Qc3+ 46. Be3 Bg7 47. Qd5 Qf6+ 48. Ke2 Qe6 49. Qxe6 fxe6 50. Kf3 Kf7 51. g5 Rc8 52. Bb3 Rc3 0-1

[Event "*** Titled Tuesday Blitz"]
[Site "Chess.com"]
[Date "2020.05.12"]
[Round "7"]
[White "elohunter1999"]
[Black "kuban1991"]
[Result "0-1"]
[WhiteElo "2578"]
[BlackElo "2743"]
[TimeControl "180+1"]
[EndTime "11:17:07 PDT"]
[Termination "kuban1991 won on time"]

1. e4 e6 2. d4 d5 3. Nc3 Bb4 4. e5 c5 5. a3 Bxc3+ 6. bxc3 Nc6 7.
Qg4 g6 8. Bd3 Qa5 9. Bd2 c4 10.
Be2 Bd7 11. Nf3 O-O-O 12. Qf4 Nge7 13. Ng5 Rdf8 14. h4 h6 15. Nf3 Qa4 16. Ra2 Rh7 17. Qf6 Nf5 18. g4 Nce7 19. gxf5 Ng8 20. fxe6 Nxf6 21. e7 Re8 22. exf6 Qc6 23. Ng5 hxg5 24. Bxg5 Rh5 25. Bxh5 gxh5 26. Kd2 Bg4 27. Raa1 Qe6 28. Rae1 Qf5 29. f4 Bf3 30. Re5 Qxe5 31. dxe5 Bxh1 32. f5 d4 33. cxd4 Bd5 34. e6 Kc7 35. Kc3 a5 36. a4 Kc6 37. Kb2 b5 38. axb5+ Kxb5 39. c3 Ka4 40. Ka2 Rb8 41. Ka1 Kb3 42. Bf4 Re8 43. Bc7 a4 44. Ba5 a3 45. Bb4 Rg8 0-1

[Event "*** Titled Tuesday Blitz"]
[Site "Chess.com"]
[Date "2020.05.12"]
[Round "7"]
[White "Kotofeyca"]
[Black "Lion-Al-Messi"]
[Result "0-1"]
[WhiteElo "2430"]
[BlackElo "2457"]
[TimeControl "180+1"]
[EndTime "11:17:07 PDT"]
[Termination "Lion-Al-Messi won by checkmate"]

1. d4 d5 2. c4 c6 3. Nc3 Nf6 4. cxd5 cxd5 5. Bf4 Nc6 6. e3 Bg4 7. f3 Bd7 8. Bd3 e6 9. Nge2 Be7 10. h3 Nh5 11.
Bh2 Bh4+ 12. g3 Be7 13. O-O O-O 14. Rc1 f5 15. g4 Nf6 16. gxf5 exf5 17. Nf4 Nb4 18.
Bb1 g5 19. Nd3 Nxd3 20. Qxd3 Be6 21. e4 fxe4 22. fxe4 dxe4 23. Nxe4 Rf7 24. Nxg5 Rg7 25. h4 h6 26. Rce1 hxg5 27. Rxe6 gxh4+ 28. Kf2 Qd5 29. Rxe7 Qg2+ 30. Ke1 Rxe7+ 31. Kd1 Qg4+ 32. Rf3 Ne4 33. Be5 Nf2+ 34. Kd2 Nxd3 35. Rxd3 Qg2+ 36. Kc3 Rc8+ 37. Kb3 Qd5+ 38. Ka3 Qa5+ 39. Kb3 Qb5+ 40. Ka3 Re6 41. b3 Ra6+ 42. Kb2 Qa5 43. Rd1 Qc3# 0-1

[Event "*** Titled Tuesday Blitz"]
[Site "Chess.com"]
[Date "2020.05.12"]
[Round "7"]
[White "RamonManon0g"]
[Black "MartinMatthiesen"]
[Result "0-1"]
[WhiteElo "2202"]
[BlackElo "2400"]
[TimeControl "180+1"]
[EndTime "11:17:07 PDT"]
[Termination "MartinMatthiesen won by resignation"]

1. d4 Nf6 2. c4 g6 3. Nc3 Bg7 4.
e4 d6 5. Nf3 O-O 6. h3 e5 7.
dxe5 dxe5 8. Qxd8 Rxd8 9. Bg5 Na6 10. Be2 c6 11. O-O Re8 12. Rad1 Nc5 13. Nd2 a5 14.
Be3 Bf8 15. b3 Ne6 16. Nf3 Bb4 17. Na4 Nd7 18. Nb6 Nxb6 19. Bxb6 Bc5 20. Bxc5 Nxc5 21. Bd3 f6 22. Bc2 Be6 23. Rd6 Kf8 24. Rfd1 Ke7 25. a3 Rec8 26. Kf1 a4 27. b4 Nb3 28. c5 Rc7 29. Ke2 Rd7 30. Ke3 Rxd6 31. Rxd6 Rc8 32. h4 b6 33. Bxb3 axb3 34. Rd2 bxc5 35. bxc5 Ra8 36.
Rb2 Rxa3 37. Nd2 Ra5 38. Kd3 Rxc5 39. g3 Rb5 40. Kc3 Kd6 41. f4 c5 42. fxe5+ fxe5 43. Nf3 Rb4 44. Rd2+ Ke7 45. Nxe5 Rxe4 46. Nd3 c4 47. Nc5 Re3+ 48. Kd4 Re1 49. Nxe6 Kxe6 50. Kxc4 Re3 51. g4 Re4+ 52. Kxb3 Rxg4 53. Rh2 Kf5 54. Kc3 Kf4 55. Kd3 Kg3 56. Rh1 Kg2 57. Rg1+ Kxg1 58. Ke3 Kg2 59. h5 gxh5 0-1

[Event "*** Titled Tuesday Blitz"]
[Site "Chess.com"]
[Date "2020.05.12"]
[Round "7"]
[White "Andreikka"]
[Black "Spartakus1975"]
[Result "1-0"]
[WhiteElo "2940"]
[BlackElo "2724"]
[TimeControl "180+1"]
[EndTime "11:17:08 PDT"]
[Termination "Andreikka won on time"]

1. c4 e5 2. Nc3 Bb4 3. Nd5 Bc5 4.
e3 c6 5. d4 exd4 6. exd4 Be7 7. Nxe7 Nxe7 8. Bd3 d5 9. c5 Bf5 10. Ne2 O-O 11. O-O Nd7 12. Bg5 f6 13. Bf4 Re8 14.
Nc3 Nf8 15. Re1 Qd7 16. f3 Bxd3 17. Qxd3 Nf5 18. g4 Nh4 19. Bg3 Nhg6 20. h4 Rxe1+ 21. Rxe1 Re8 22. Rxe8 Qxe8 23. h5 Ne7 24. b4 a6 25. a4 Ne6 26. b5 axb5 27. axb5 Qa8 28. bxc6 bxc6 29. Bd6 Qa1+ 30. Kf2 Kf7 31. Ne2 h6 32.
Qb3 Qa8 33. Qb4 Nc8 34. Bg3 Qa6 35. Qb8 Kg8 36. Bf4 Kh7 37. Be3 Kg8 38. Ng3 Kh7 39.
Nf5 Qa2+ 40. Kg3 Qa6 41. Bf2 Ng5 42. Qc7 Ne6 43. Qd7 Qe2 44. Qxc8 Ng5 45. Nh4 Ne6 46. Qxc6 1-0